AoeStats
← Gim

QS Arena

503384471Analyzed
4v4 RM · 1mo ago on Aug 31, 2026· 49m 51s· 8 players
Game mode
Random Map
Map size
Large (8 player)
Population
200
Speed
Normal
Resources
Standard
Victory
Conquest
Starting age
Dark Age
Ending age
Imperial Age
RankedLock teamsTeams togetherTeam positionsShared explorationLock speedFull tech treeHidden civsTurbo modeCheats
Victory
Defeat
🇬🇧 Cumans · United Kingdom
1272
+13
🇨🇭 Goths · Switzerland
1226
+15
🇹🇼 Persians · Taiwan
1171
+17
🇨🇳 Malians · China
1169
+17
🇨🇳 Franks · China
1282
-19
1227
-17
🇹🇼 Vikings · Taiwan
1153
-13
🇹🇼 Burgundians · Taiwan
1132
-13
noob.dogg
0:53 Loom
7:55 Feudal Age
8:33 Double-Bit Axe
13:02 Castle Age
11:05 Horse Collar
13:14 Scale Mail Armor
13:57 Bow Saw
15:21 Fletching
25:15 Anarchy
26:12 Chain Mail Armor
26:57 Wheelbarrow
26:36 Forging
27:34 Pikeman
31:21 Gold Mining
37:54 Hand Cart
43:57 Scale Barding Armor
44:28 Iron Casting
45:04 Chain Barding Armor
51:43 Imperial Age
milesburkley
6:59 Feudal Age
7:58 Horse Collar
8:05 Double-Bit Axe
13:46 Wheelbarrow
16:29 Castle Age
17:47 Bow Saw
17:40 Heavy Plow
18:01 Hand Cart
19:09 Gold Mining
19:21 Stone Mining
20:54 Gold Shaft Mining
20:26 Loom
24:47 Imperial Age
23:42 Scale Barding Armor
24:18 Forging
24:49 Chain Barding Armor
24:47 Bloodlines
24:55 Cavalier
26:12 Iron Casting
26:01 Conscription
27:28 Plate Barding Armor
29:07 Blast Furnace
29:37 Two-Man Saw
31:20 Paladin
37:44 Light Cavalry
38:32 Pikeman
39:13 Squires
39:44 Hussar
43:58 Caravan
49:01 Coinage
49:34 Fletching
49:44 Padded Archer Armor
kongdu
8:56 Feudal Age
12:40 Castle Age
10:27 Horse Collar
10:36 Double-Bit Axe
13:19 Wheelbarrow
20:16 Gold Mining
21:22 Stone Mining
23:05 Heavy Plow
24:05 Bow Saw
28:32 Imperial Age
26:04 Husbandry
26:17 Scale Barding Armor
26:27 Forging
27:19 Bloodlines
27:33 Chain Barding Armor
28:57 Iron Casting
28:15 Cavalier
29:54 Conscription
30:32 Hand Cart
30:04 Loom
31:53 Plate Barding Armor
32:16 Savar
36:31 Blast Furnace
35:22 Fletching
36:28 Savar
36:51 Onager
44:54 Town Watch
Gim
7:37 Feudal Age
11:14 Castle Age
9:42 Double-Bit Axe
12:17 Horse Collar
20:20 Wheelbarrow
21:10 Heavy Plow
22:04 Hand Cart
26:54 Imperial Age
24:17 Loom
25:16 Scale Barding Armor
25:41 Bloodlines
25:32 Husbandry
25:46 Scale Mail Armor
25:47 Treadmill Crane
27:44 Chain Mail Armor
28:05 Ballistics
28:46 Chemistry
28:10 Conscription
27:17 Elite Gbeto
29:17 Plate Mail Armor
28:59 Forging
29:11 Fortified Wall
31:30 Iron Casting
32:09 Farimba
32:56 Bow Saw
33:01 Husbandry
33:12 Bloodlines
32:23 Heavy Camel Rider
33:25 Chain Barding Armor
33:14 Gold Mining
33:14 Stone Mining
34:08 Masonry
34:50 Hoardings
35:00 Gold Shaft Mining
35:56 Plate Barding Armor
36:20 Architecture
40:14 Padded Archer Armor
40:04 Fletching
40:13 Murder Holes
41:11 Bodkin Arrow
41:35 Leather Archer Armor
42:53 Ring Archer Armor
48:40 Coinage
惢丶利安
7:35 Feudal Age
7:45 Loom
11:33 Castle Age
10:04 Double-Bit Axe
12:32 Bow Saw
20:19 Wheelbarrow
22:39 Gold Mining
25:27 Imperial Age
23:18 Hand Cart
23:00 Town Watch
23:16 Stone Mining
24:03 Scale Barding Armor
24:08 Forging
24:26 Forging
25:40 Husbandry
26:31 Conscription
26:33 Chain Barding Armor
27:40 Plate Barding Armor
26:39 Cavalier
28:16 Masonry
29:12 Light Cavalry
30:41 Gold Shaft Mining
32:26 Iron Casting
34:22 Blast Furnace
33:54 Paladin
36:26 Fletching
36:56 Bodkin Arrow
37:18 Fortified Wall
37:59 Pikeman
38:40 Squires
38:48 Scale Mail Armor
38:54 Arson
39:11 Arson
41:55 Architecture
不務正業護理斯
8:24 Feudal Age
11:58 Castle Age
10:16 Double-Bit Axe
10:45 Horse Collar
11:06 Loom
24:02 Imperial Age
22:10 Bow Saw
22:22 Gold Mining
25:56 Chemistry
27:41 Conscription
28:43 Wheelbarrow
28:18 Heavy Plow
35:16 Stone Mining
35:15 Town Watch
38:28 Two-Man Saw
38:00 Crop Rotation
38:21 Forging
38:11 Scale Mail Armor
38:13 Pikeman
38:40 Gambesons
38:41 Arson
41:12 Hand Cart
45:21 Ballistics
45:32 Scale Barding Armor
46:33 Bloodlines
46:23 Husbandry
46:27 Halberdier
47:40 Light Cavalry
夕陽傳說
7:45 Feudal Age
11:35 Castle Age
10:49 Double-Bit Axe
10:45 Horse Collar
11:40 Bow Saw
20:58 Wheelbarrow
20:11 Loom
26:17 Imperial Age
24:24 Scale Barding Armor
24:31 Forging
24:18 Gold Mining
24:41 Heavy Plow
25:12 Burgundian Vineyards
25:55 Chain Barding Armor
26:42 Iron Casting
27:21 Conscription
27:39 Plate Barding Armor
28:13 Hand Cart
29:00 Two-Man Saw
28:46 Crop Rotation
29:18 Blast Furnace
28:30 Elite Coustillier
30:21 Fletching
3Qx
7:59 Feudal Age
12:15 Castle Age
11:30 Double-Bit Axe
11:36 Horse Collar
21:50 Heavy Plow
22:01 Bow Saw
21:45 Loom
24:33 Squires
27:59 Imperial Age
25:31 Scale Mail Armor
25:41 Forging
25:37 Squires
27:51 Chain Mail Armor
28:11 Iron Casting
27:36 Arson
29:35 Conscription
30:13 Plate Mail Armor
32:12 Blast Furnace
30:46 Elite Berserk
32:08 Fletching
32:19 Padded Archer Armor
33:37 Crossbowman
Connection lost

Rejoining the realm…

Still unreachable

The connection could not be restored.

Session expired

The server has moved on; the page needs a fresh start.